 Dungeon Crawl Stone Soup version 0.17-a0-1442-g10bb59b (webtiles) character file.

77 urechis the Poker (level 4, -6/30 HPs)
             Began as a Merfolk Ice Elementalist on June 27, 2015.
             Killed from afar by Sigmund (11 damage)
             ... with a magic dart
             ... on level 3 of the Dungeon.
             The game lasted 00:04:04 (1893 turns).

urechis the Poker (Merfolk Ice Elementalist)        Turns: 1893, Time: 00:04:04

Health: -6/30      AC:  4    Str:  8    XL:     4   Next: 34%
Magic:  5/7        EV: 12    Int: 14    God:
Gold:   165        SH:  0    Dex: 15    Spells: 1 memorised, 6 levels left

rFire  . . .     SeeInvis .     d - +0 spear
rCold  . . .     Clarity  .     g - +0 leather armour
rNeg   . . .     SustAt   .     (no shield)
rPois  .         Gourm    .     (no helmet)
rElec  .         Spirit   .     (no cloak)
rCorr  .         Warding  .     n - +0 pair of gloves
rMut   .         Stasis   +     (no boots)
MR     .....                    q - amulet of stasis
Stlth  ++........               (no ring)
                                (no ring)

@: not resistant to hostile enchantments, unstealthy
A: change form in water, swift swim
a: no special abilities


You were on level 3 of the Dungeon.
You were hungry.

You visited 1 branch of the dungeon, and saw 3 of its levels.

You collected 165 gold pieces.

Inventory:

Hand weapons
 d - a +0 spear (weapon)
Armour
 g - a +0 leather armour (worn)
 n - a +0 pair of gloves (worn)
Jewellery
 q - an amulet of stasis (around neck)
Scrolls
 a - a scroll of magic mapping {unknown}
 e - a scroll of fog {unknown}
 f - 2 scrolls of remove curse
 i - a scroll of blinking {unknown}
 l - 2 scrolls of noise {unknown}
 m - a scroll of fear {unknown}
 s - a scroll of immolation {unknown}
Potions
 h - a potion of lignification {unknown}
 j - a potion of invisibility {unknown}
 k - a potion of cancellation {unknown}
 p - a potion of curing {unknown}
Books
 b - a book of Frost

   Spells                             Type                      Level
   a - Freeze                         Ice                          1
   b - Throw Frost                    Conjuration/Ice              2
   c - Ozocubu's Armour               Charms/Ice                   3
   d - Throw Icicle                   Conjuration/Ice              4
   e - Summon Ice Beast               Ice/Summoning                4
   f - Condensation Shield            Ice                          4
Comestibles
 c - a bread ration
 o - 2 meat rations
 r - 3 chunks of flesh


   Skills:
 + Level 5.6 Polearms
 - Level 2.6 Dodging
 - Level 2.1 Stealth
 - Level 2.0 Spellcasting
   Level 0.7 Conjurations
 - Level 3.2 Ice Magic


You had 6 spell levels left.
You knew the following spells:

 Your Spells              Type           Power        Failure   Level  Hunger
a - Freeze                Ice            ##..         12%         1    ##.....


Dungeon Overview and Level Annotations

Branches:
Dungeon (3/15)

Altars:

Annotations:
D:3 Sigmund


Message History

The magic dart hits you!
An adder and an orc come into view.
Casting: Freeze
Confirm with . or Enter, or press ? or * to list all spells.
Aiming: Freeze
Press: ? - help, Shift-Dir - straight line You freeze something.
You hear a zap.
A magic dart appears from out of thin air!
The magic dart hits you!
* * * LOW HITPOINT WARNING * * *
The adder moves out of view.
The orc hits you but does no damage.
An orc comes into view. It is wielding a club.
You hear a zap.
A magic dart appears from out of thin air!
The magic dart hits you!
* * * LOW HITPOINT WARNING * * *
A magic dart appears from out of thin air!
The magic dart hits you!
You die...

..###########..#.#
.. ..........#.# .
#########.#.# #
#.#.# #...# ##..#
#..# ......†#.#
######.#@# #.#.#
#.#)# ..#{# ###wo
#.#. #.#oo ..# ..
### (..


You could see a worm and an orc.

Vanquished Creatures
  2 adders (D:2)
  An ooze (D:1)
  A worm (D:2)
  5 bats
  4 giant cockroaches
  5 goblins
  11 hobgoblins
  2 jackals (D:2)
  A ball python (D:3)
  5 giant geckos
  A giant newt (D:2)
  7 kobolds
  2 rats (D:1)
47 creatures vanquished.

Notes
Turn   | Place    | Note
--------------------------------------------------------------
     0 | D:1      | urechis the Merfolk Ice Elementalist began the quest for the Orb.
     0 | D:1      | Reached XP level 1. HP: 13/13 MP: 3/3
   117 | D:1      | Reached XP level 2. HP: 17/19 MP: 5/5
   625 | D:1      | Reached XP level 3. HP: 18/24 MP: 6/6
   857 | D:2      | Reached skill level 4 in Polearms
   969 | D:2      | Reached skill level 5 in Polearms
  1139 | D:2      | Reached XP level 4. HP: 30/30 MP: 7/7
  1883 | D:3      | Noticed Sigmund
  1893 | D:3      | Killed from afar by Sigmund

Vault maps used:
D:1:      saegor_arrival_simple_b, minmay_misc_feat_nine_boxes
D:2:      amalloy_card_club
D:3:      fiery_altar_vehumet, minmay_crystal_room, hangedman_decor_push,
          minmay_strange_pillars, uniq_sigmund, uniq_crazy_yiuf_cottage,
          uniq_natasha, uniq_terence, uniq_robin

Action                   |  1- 3 |  4- 6 || total
-------------------------+-------+-------++-------
Melee: Spear             |   124 |    82 ||   206
 Cast: Freeze            |     8 |     2 ||    10
  Use: Scroll            |     1 |       ||     1
 Stab: Sleeping          |    11 |     6 ||    17
  Eat: Chunk             |       |     3 ||     3
